 Dungeon Crawl Stone Soup version 0.29-a0-555-g3b24f45cc1 (webtiles) character file.

Game seed: 4118642994429029072

121 Crownlay the Grave Robber (level 5, -4/37 HPs)
             Began as a Gnoll Necromancer on June 7, 2022.
             Slain by an iguana (8 damage)
             ... on level 4 of the Dungeon.
             The game lasted 00:05:41 (3261 turns).

Crownlay the Grave Robber (Gnoll Necromancer)       Turns: 3261, Time: 00:05:42

Health: -4/37      AC:  4    Str:  7    XL:     5   Next: 5%
Magic:  8/12       EV: 13    Int: 17    God:
Gold:   133        SH:  0    Dex: 12    Spells: 6/14 levels left

rFire   . . .      SeeInvis .   i - +0 dagger (vamp)
rCold   . . .      Faith    .   (no shield)
rNeg    . . .      Spirit   .   a - +0 robe
rPois   .          Reflect  .   k - +0 helmet
rElec   .          Harm     .   l - +0 cloak
rCorr   .          Rampage  .   (no gloves)
Will    .....                   (no boots)
Stlth   +++.......              (no amulet)
HPRegen 0.12/turn               (no ring)
MPRegen 0.13/turn               (no ring)

@: animating dead
A: fangs 1, strong nose, distributed training
a: no special abilities


You were on level 4 of the Dungeon.
You visited 1 branch of the dungeon, and saw 4 of its levels.

You collected 133 gold pieces.

Inventory:

Hand Weapons
 i - a +0 vampiric dagger (weapon)
Armour
 a - a +0 robe (worn)
 k - a +0 helmet (worn)
 l - a +0 cloak (worn)
Scrolls
 g - a scroll of magic mapping {unknown}
 h - a scroll of noise {unknown}
 j - a scroll of silence {unknown}
 m - a scroll of immolation {unknown}
 n - 3 scrolls of teleportation {unknown}
 q - a scroll of summoning {unknown}
Potions
 b - a potion of magic
 c - 2 potions of heal wounds {unknown}
 d - 2 potions of lignification {unknown}
 e - a potion of curing {unknown}
 f - a potion of ambrosia {unknown}
 o - a potion of haste {unknown}
 p - 2 potions of attraction {unknown}


   Skills:
 + Level 1.3 Fighting
 + Level 1.3 Short Blades
 + Level 1.3 Long Blades
 + Level 1.3 Axes
 + Level 1.3 Maces & Flails
 + Level 1.3 Polearms
 + Level 1.3 Staves
 + Level 1.3 Slings
 + Level 1.3 Bows
 + Level 1.3 Crossbows
 + Level 1.3 Throwing
 + Level 1.3 Armour
 + Level 4.7 Dodging
 + Level 4.3 Stealth
 + Level 1.3 Shields
 + Level 1.3 Unarmed Combat
 + Level 5.1 Spellcasting
 + Level 1.1 Conjurations
 + Level 1.1 Hexes
 + Level 1.1 Summonings
 + Level 7.1 Necromancy
 + Level 1.1 Translocations
 + Level 1.1 Transmutations
 + Level 1.1 Fire Magic
 + Level 1.1 Ice Magic
 + Level 1.1 Air Magic
 + Level 1.1 Earth Magic
 + Level 1.1 Poison Magic
 + Level 1.5 Invocations
 + Level 1.3 Evocations


You had 6 spell levels left.
You knew the following spells:

 Your Spells              Type           Power      Damage    Failure   Level
a - Necrotize             Necr           100%       1d9       1%          1
b - Vampiric Draining     Necr           28%        2d8       2%          3
c - Animate Dead          Necr           28%        N/A       8%          4

Your spell library contained the following spells:

 Spells                   Type           Power      Damage    Failure   Level
 Agony                    Necr           28%        N/A       21%         5


Dungeon Overview and Level Annotations

Branches:
Dungeon (4/15)
 Temple: D:4-7

Altars:
Fedhas
Xom


Innate Abilities, Weirdness & Mutations

You have very sharp teeth.
Your uncanny sense of smell can sniff out nearby items.
Your experience applies equally to all skills.


Message History

The iguana is moderately wounded.
You closely miss the iguana.
The iguana is moderately wounded.
The iguana barely misses you.
You hit the iguana but do no damage.
The iguana is moderately wounded.
The iguana closely misses you.
You hit the iguana but do no damage.
The iguana is moderately wounded.
The iguana bites you.
You hit the iguana but do no damage. You punch the iguana.
The iguana is moderately wounded.
The iguana barely misses you.
You completely miss the iguana.
The iguana is moderately wounded.
The iguana bites you!
You closely miss the iguana.
The iguana is lightly wounded.
The iguana bites you.
You barely miss the iguana. You bite the iguana, but do no damage.
The iguana is lightly wounded.
The iguana bites you.
You barely miss the iguana. You punch the iguana, but do no damage.
You bite the iguana.
The iguana is moderately wounded.
The iguana barely misses you.
You barely miss the iguana.
The iguana is moderately wounded.
The iguana closely misses you.
You hit the iguana but do no damage.
The iguana is moderately wounded.
The iguana bites you!
* * * LOW HITPOINT WARNING * * *
You hit the iguana.
The iguana is moderately wounded.
The iguana barely misses you.
You hit the iguana but do no damage.
The iguana is moderately wounded.
The iguana bites you!
You die...

#.# #.#
######.#
#......#####
#...<.........
#.############
#.# #.#######
#@.......
#l####### ...
.#.## ....# #.
..# .#. ..#
..# ...#


You could see an iguana.

Vanquished Creatures
  Natasha (twice) (D:3)
  2 adders (D:3)
  An orc (D:3)
  3 ball pythons
  An endoplasm (D:1)
  A giant cockroach (D:1)
  8 goblins
  10 hobgoblins
  5 jackals (D:1)
  A quokka (D:1)
  A bat (D:1)
  A frilled lizard (D:2)
  5 rats
41 creatures vanquished.

Vanquished Creatures (collateral kills)
  A dart slug (D:1)
  A jackal (D:1)
  A quokka (D:3)
3 creatures vanquished.

Grand Total: 44 creatures vanquished

Notes
Turn   | Place    | Note
-------+----------+-------------------------------------------
     0 | D:1      | Crownlay the Gnoll Necromancer began the quest for the Orb.
     0 | D:1      | Reached XP level 1. HP: 13/13 MP: 6/6
   437 | D:1      | Reached XP level 2. HP: 19/19 MP: 4/7
   836 | D:1      | Reached XP level 3. HP: 25/25 MP: 6/9
   903 | D:1      | Reached skill level 5 in Spellcasting
  1081 | D:1      | Learned a level 3 spell: Vampiric Draining
  1516 | D:2      | Reached skill level 1 in Invocations
  1763 | D:2      | Found a faded altar of an unknown god.
  2049 | D:3      | Reached skill level 1 in Fighting
  2049 | D:3      | Reached skill level 1 in Short Blades
  2049 | D:3      | Reached skill level 1 in Long Blades
  2049 | D:3      | Reached skill level 1 in Axes
  2049 | D:3      | Reached skill level 1 in Maces & Flails
  2049 | D:3      | Reached skill level 1 in Polearms
  2049 | D:3      | Reached skill level 1 in Staves
  2049 | D:3      | Reached skill level 1 in Slings
  2049 | D:3      | Reached skill level 1 in Bows
  2049 | D:3      | Reached skill level 1 in Crossbows
  2049 | D:3      | Reached skill level 1 in Throwing
  2049 | D:3      | Reached skill level 1 in Armour
  2049 | D:3      | Reached skill level 1 in Shields
  2049 | D:3      | Reached skill level 1 in Unarmed Combat
  2049 | D:3      | Reached skill level 1 in Evocations
  2134 | D:3      | Reached XP level 4. HP: 32/32 MP: 7/11
  2141 | D:3      | Learned a level 4 spell: Animate Dead
  2224 | D:3      | Noticed Natasha
  2230 | D:3      | Killed Natasha
  2231 | D:3      | Reached skill level 1 in Conjurations
  2231 | D:3      | Reached skill level 1 in Hexes
  2231 | D:3      | Reached skill level 1 in Summonings
  2231 | D:3      | Reached skill level 1 in Translocations
  2231 | D:3      | Reached skill level 1 in Transmutations
  2231 | D:3      | Reached skill level 1 in Fire Magic
  2231 | D:3      | Reached skill level 1 in Ice Magic
  2231 | D:3      | Reached skill level 1 in Air Magic
  2231 | D:3      | Reached skill level 1 in Earth Magic
  2231 | D:3      | Reached skill level 1 in Poison Magic
  2424 | D:3      | Found a shimmering altar of Xom.
  2673 | D:3      | Noticed Natasha
  2686 | D:3      | Killed Natasha
  2687 | D:3      | Reached XP level 5. HP: 10/37 MP: 10/12
  2936 | D:3      | Found a blossoming altar of Fedhas.
  3244 | D:4      | Noticed a +0 dagger
  3246 | D:4      | Noticed a +0 hand axe
  3261 | D:4      | Slain by an iguana

Illustrated notes

Levels and vault maps discovered:
D:1:      heliophobic_arrival_glass_houses, layout_loops_corners
D:2:      layout_loops_ring, hellmonk_ecumenical_altar_crossroads
D:3:      layout_loops_ring, lemuel_coloured_pillars_altar,
          mainiacjoe_overflow_alcove_4, minmay_misc_feat_doors, uniq_natasha
D:4:      layout_loops_ring, dancing_weapons_uskayaw, uniq_duvessa

Skill      XL: |  1  2  3  4 |
---------------+-------------+-----
Spellcasting   | 5 |  5.1
Invocations    | 1 |  1.5
Fighting       | 1 |  1.3
Short Blades   | 1 |  1.3
Long Blades    | 1 |  1.3
Axes           | 1 |  1.3
Maces & Flails | 1 |  1.3
Polearms       | 1 |  1.3
Staves         | 1 |  1.3
Slings         | 1 |  1.3
Bows           | 1 |  1.3
Crossbows      | 1 |  1.3
Throwing       | 1 |  1.3
Armour         | 1 |  1.3
Shields        | 1 |  1.3
Unarmed Combat | 1 |  1.3
Evocations     | 1 |  1.3
Conjurations   | 1 |  1.1
Hexes          | 1 |  1.1
Summonings     | 1 |  1.1
Translocations | 1 |  1.1
Transmutations | 1 |  1.1
Fire Magic     | 1 |  1.1
Ice Magic      | 1 |  1.1
Air Magic      | 1 |  1.1
Earth Magic    | 1 |  1.1
Poison Magic   | 1 |  1.1
Dodging        | |  4.7
Stealth        | |  4.3
Necromancy     | |  7.1

Action                   |  1- 3 |  4- 6 || total
-------------------------+-------+-------++-------
Melee: Dagger            |       |    31 ||    31
       Bite              |       |     3 ||     3
       Punch             |       |     2 ||     2
 Cast: Necrotize         |    52 |    17 ||    69
       Animate Dead      |       |     7 ||     7
Armor: Robe              |     3 |     3 ||     6
Dodge: Dodged            |     4 |    16 ||    20

Table legend: (Time is in decaauts)
 A = Elapsed time spent in this place.
 B = Non-inter-level travel time spent in this place.
 C = Inter-level travel time spent in this place.
 D = Time resting spent in this place.
 E = Time spent auto-exploring this place.
 F = Levels seen in this place.
 G = Mean time per level.
                   A        B        C        D        E       F      G
               +--------+--------+--------+--------+--------+-----+--------+
         Total |   3265 |   3171 |     94 |    100 |   2767 |   4 |  816.2 |
       Dungeon |   3265 |   3171 |     94 |    100 |   2767 |   4 |  816.2 |
               +--------+--------+--------+--------+--------+-----+--------+

Top non-repeatable levels by time:
     D:1: 1315 daAuts
     D:3: 1236 daAuts
     D:2: 685 daAuts
     D:4: 27 daAuts
